 Dungeon Crawl Stone Soup version 0.29.1-13-g9f3cf754e1 (webtiles) character file.

Game seed: 10640758472396097105

529 promet the Magician (level 7, -8/40 HPs)
             Began as a Deep Elf Hedge Wizard on Feb 6, 2023.
             Was a Believer of Ru.
             Mangled by a wraith (12 damage)
             ... in an ossuary.
             The game lasted 00:37:51 (5711 turns).

promet the Magician (Deep Elf Hedge Wizard)         Turns: 5711, Time: 00:37:51

Health: -8/40      AC:  6    Str: 11    XL:     7   Next: 3%
Magic:  13/18      EV: 13    Int: 20    God:    Ru [**....]
Gold:   351        SH:  0    Dex: 13    Spells: 13/18 levels left

rFire   . . .      SeeInvis .   a - +0 scythe
rCold   + . .      Faith    .   (shield currently unavailable)
rNeg    . . .      Spirit   .   f - +2 robe {Archmagi}
rPois   .          Reflect  .   o - +1 helmet
rElec   .          Harm     .   (no cloak)
rCorr   .          Rampage  .   (no gloves)
Will    +....      Archmagi +   (no boots)
Stlth   ++........              (no amulet)
HPRegen 0.13/turn               l - ring of willpower
MPRegen 0.16/turn               n - ring of protection from cold

@: about to teleport, slowed, very slow
A: hated by all, strong 1
a: Renounce Religion


You were in an ossuary.
You worshipped Ru.
Ru was pleased with you.
You visited 1 branch of the dungeon, and saw 5 of its levels.
You also visited: Ossuary.

You collected 351 gold pieces.

Inventory:

Hand Weapons
 a - a +0 scythe (weapon)
 b - a +0 sling
 e - a +0 dagger
 h - a +1 mace
 q - a +0 hand axe
 r - the +5 dagger of Ohewy {drain, Contam rElec rN++ rCorr}
   (You found it on level 4 of the Dungeon)

   A truly terrible weapon, it drains the life of any living foe it strikes.
   rElec:     It insulates you from electricity.
   rN:        It greatly protects you from negative energy.
   Contam:    It causes magical contamination when unequipped.
   rCorr:     It protects you from acid and corrosion.
Missiles
 c - 4 boomerangs
 g - 10 poisoned darts (quivered)
 k - 27 stones
Armour
 f - a +2 robe of the Archmagi (worn)
 m - a +0 troll leather armour
 o - a +1 helmet (worn)
 p - a +0 robe
Jewellery
 l - a ring of willpower (left hand)
 n - a ring of protection from cold (right hand)
Wands
 s - a wand of digging (2)
Scrolls
 u - a scroll of torment {unknown}
Potions
 d - a potion of magic
 i - a potion of cancellation
 j - 2 potions of attraction
 t - a potion of heal wounds {unknown}
 w - a potion of lignification {unknown}


   Skills:
 * Level 2.1 Fighting
 + Level 1.2 Maces & Flails
 + Level 1.4 Polearms
 + Level 0.8 Ranged Weapons
 + Level 0.8 Throwing
 + Level 0.1 Armour
 + Level 3.7 Dodging
 + Level 3.8 Stealth
 + Level 6.3 Spellcasting
 + Level 2.6 Conjurations
 + Level 1.1 Translocations


You had 13 spell levels left.
You knew the following spells:

 Your Spells              Type           Power      Damage    Failure   Level
a - Magic Dart            Conj           100%       1d8       3%          1
b - Blink                 Tloc           32%        N/A       10%         2
c - Call Imp              Summ           9%         N/A       16%         2

Your spell library contained the following spells:

 Spells                   Type           Power      Damage    Failure   Level
 Slow                     Hex            36%        N/A       10%         1
 Conjure Flame            Conj/Fire      17%        6-21      19%         3
 Mephitic Cloud           Conj/Pois/Air  14%        N/A       22%         3


Dungeon Overview and Level Annotations

Branches:
Dungeon (5/15)             Temple (0/1) D:4         Ossuary (1/1)

Altars:
Ashenzari
Dithmenos
Ru
Uskayaw
The Shining One

Shops:
D:3 ?

Annotations:
D:3 2 runed translucent doors, Saba's ghost, amateur GrHu


Innate Abilities, Weirdness & Mutations

You are hated by all.
Your muscles are strong. (Str +4, Int/Dex -1)


Message History

You feel a surge of power!
The magic dart hits the wraith.
The wraith is heavily damaged.
The wraith barely misses you.
Casting: Magic Dart (safe; 3% risk of failure)
Confirm with . or Enter, or press ? or * to list all spells.
Okay, then.
Casting: Magic Dart (safe; 3% risk of failure)
Confirm with . or Enter, or press ? or * to list all spells.
Aiming: Magic Dart (safe; 3% risk of failure)
Press: ? - help, Shift-Dir - straight line, f/p - wraith
Aim: a wraith (heavily damaged, 100% to hit)
You feel a surge of power!
The magic dart hits the wraith but does no damage.
The wraith is heavily damaged.
The wraith hits you.
* * * LOW HITPOINT WARNING * * *
The wraith hits you but does no damage.
Casting: Magic Dart (safe; 3% risk of failure)
Confirm with . or Enter, or press ? or * to list all spells.
Aiming: Magic Dart (safe; 3% risk of failure)
Press: ? - help, Shift-Dir - straight line, f/p - wraith
Aim: a wraith (heavily damaged, 100% to hit)
You feel a surge of power!
The magic dart hits the wraith but does no damage.
The wraith is heavily damaged.
The wraith closely misses you.
You closely miss the wraith.
The wraith is heavily damaged.
The wraith hits you.
* * * LOW HITPOINT WARNING * * *
The wraith drains your vigour!
You feel as though you will be slow longer.
The wraith closely misses you.
As you read the scroll of teleportation, it crumbles to dust.
You feel strangely unstable. The wraith barely misses you. The wraith hits you.
* * * LOW HITPOINT WARNING * * *
The wraith drains your vigour!
You feel as though you will be slow longer.
The wraith attacks as you move away! The wraith hits you!
You die...

.................#
.................#
.###..###..####..# .# #..#
#...'.#..#
.#+#..#+#..####..#
.#.#..#.#........#
.................# ###
.###.......####..# #W# .#
#...8....'.#.@# ###
.#+#.......####.W# ##.##
.#.#.............###...##
.................##.....##
.....####..####..'...∩...###
..8...+ #...'.#..'.......#W#
.....####..####..'...∩...###
.................##.....##
.#.#.............###...##


You could see a wraith.

Vanquished Creatures
  An ogre (D:5)
  A hound (D:4)
  An orc priest (D:4)
  Terence (D:2)
  An orc wizard (D:5)
  A mummy (Ossuary)
  An adder (D:3)
  A white imp (D:5)
  An ufetubus (D:4)
  A dart slug (D:1)
  6 orcs
  7 endoplasms
  7 giant cockroaches
  A gnoll zombie (Ossuary)
  5 hobgoblins
  5 jackals
  2 quokkas
  7 ball pythons
  2 bats (D:1)
  3 frilled lizards
  11 goblins
  4 goblin zombies (Ossuary)
  3 hobgoblin zombies (Ossuary)
  7 kobolds
  2 kobold zombies (Ossuary)
  2 rats
84 creatures vanquished.

Vanquished Creatures (collateral kills)
  Sigmund (D:3)
  A hound (D:4)
  A worm (D:2)
  2 orcs
  2 goblins (D:3)
  4 hobgoblins
  4 jackals
  A frilled lizard (D:3)
  2 kobolds
18 creatures vanquished.

Grand Total: 102 creatures vanquished

Notes
Turn   | Place    | Note
-------+----------+-------------------------------------------
     0 | D:1      | promet the Deep Elf Hedge Wizard began the quest for the
                  | Orb.
     0 | D:1      | Reached XP level 1. HP: 10/10 MP: 7/7
   448 | D:1      | Reached XP level 2. HP: 14/15 MP: 9/9
   451 | D:1      | Learned a level 2 spell: Blink
   454 | D:1      | Learned a level 2 spell: Call Imp
  1209 | D:1      | Reached XP level 3. HP: 19/19 MP: 9/11
  1889 | D:2      | Found a faded altar of an unknown god.
  1919 | D:2      | Noticed Terence
  1953 | D:2      | Killed Terence
  1954 | D:2      | Reached skill level 5 in Spellcasting
  1954 | D:2      | Reached XP level 4. HP: 24/24 MP: 10/13
  2175 | D:2      | You fall into a shaft and drop 2 floors!
  2251 | D:4      | Found a hide-covered altar of Uskayaw.
  2251 | D:4      | Found a sacrificial altar of Ru.
  2259 | D:4      | Became a worshipper of Ru the Awakened
  2305 | D:4      | Found a shadowy altar of Dithmenos.
  2359 | D:4      | Identified the +5 dagger of Ohewy {drain, Contam rElec rN++
                  | rCorr}
  2448 | D:3      | Found Amab's Magic Scroll Boutique.
  2455 | D:3      | Reached skill level 1 in Maces & Flails
  2519 | D:3      | Noticed Sigmund
  2534 | D:3      | Killed Sigmund
  2535 | D:3      | Reached skill level 1 in Fighting
  2535 | D:3      | Reached skill level 6 in Spellcasting
  2535 | D:3      | Reached XP level 5. HP: 29/29 MP: 11/15
  2547 | D:3      | Gained mutation: Your muscles are strong. (Str +4, Int/Dex
                  | -1) [mutagenic glow]
  2820 | D:3      | Found a large runed translucent door.
  2821 | D:3      | Found a large runed translucent door.
  2884 | D:3      | Reached XP level 6. HP: 34/34 MP: 15/17
  3277 | D:3      | Noticed Saba's ghost (amateur GrHu)
  3425 | D:3      | Found a glowing golden altar of the Shining One.
  3700 | D:4      | Found a staircase to the Ecumenical Temple.
  4392 | D:4      | Found a broken altar of Ashenzari.
  4605 | D:4      | Reached skill level 1 in Polearms
  4711 | D:5      | Entered Level 5 of the Dungeon
  4910 | D:5      | Gained mutation: You are hated by all. [Ru sacrifice]
  4910 | D:5      | Reached * piety under Ru
  4910 | D:5      | Reached ** piety under Ru
  4914 | D:5      | Found a sand-covered staircase.
  4922 | Ossuary  | Entered an ossuary
  4922 | Ossuary  | Noticed a wraith
  4922 | Ossuary  | Noticed a wraith
  4922 | Ossuary  | Noticed a wraith
  5298 | Ossuary  | Reached XP level 7. HP: 40/40 MP: 18/18
  5656 | Ossuary  | Noticed a wraith
  5711 | Ossuary  | Mangled by a wraith

Illustrated notes

Levels and vault maps discovered:
D:1:      beargit_arrival_diablo_church, layout_basic
D:2:      layout_loops_corners, dreamdust_ecumenical_altar_statues, uniq_terence
D:3:      cheibrodos_greedy_goblins, layout_basic, tso_altar, serial_shops,
          shop, ebering_ghost_disaster_area, uniq_sigmund
D:4:      layout_loops_ring, lemuel_crystal_altar, kennysheep_mini,
          amethyst_overflow_temple_binary, minmay_temple_entry_large_hall
D:5:      layout_layer_cave, nicolae_ossuary_entry_false_entrances
Ossuary:  ossuary_kennysheep_city_of_the_dead

Skill      XL: |  1  2  3  4  5  6 |
---------------+-------------------+-----
Dodging        | 3 |  3.7
Stealth        | 3 |  3.8
Spellcasting   | 5 6 |  6.3
Maces & Flails | 1 |  1.2
Fighting       | 1 2 |  2.1
Conjurations   | 2 |  2.6
Summonings     | 2 0 |  0.0
Polearms       | 1 |  1.4
Ranged Weapons | |  0.8
Throwing       | |  0.8
Armour         | |  0.1
Translocations | |  1.1

Action                   |  1- 3 |  4- 6 |  7- 9 || total
-------------------------+-------+-------+-------++-------
Melee: Dagger            |     9 |     6 |       ||    15
       Mace              |    27 |     3 |       ||    30
       Halberd           |       |    71 |    14 ||    85
 Fire: Sling             |       |    16 |    20 ||    36
Throw: Dart              |     3 |     9 |       ||    12
 Cast: Magic Dart        |    69 |    49 |    15 ||   133
       Call Imp          |     6 |    12 |       ||    18
       Blink             |       |       |     1 ||     1
Invok: Sacrifice Love    |       |     1 |       ||     1
  Use: Scroll            |     1 |     7 |     2 ||    10
       Potion            |       |     2 |       ||     2
 Stab: Sleeping          |     2 |     6 |     1 ||     9
Armor: Robe              |    19 |    30 |     9 ||    58
       Troll leather arm |     2 |     4 |       ||     6
Dodge: Dodged            |    58 |    91 |    15 ||   164
